 Dungeon Crawl Stone Soup version 0.26-a0-651-gb41185065b (webtiles) character file.

Game seed: 9548269130343580727

22895 sking99 the Brawler (level 12, -3/124 HPs)
             Began as a Troll Monk on Oct 14, 2020.
             Was the Champion of Makhleb.
             Slain by a torpor snail (12 damage)
             ... on level 3 of the Lair of Beasts.
             The game lasted 00:28:13 (12997 turns).

sking99 the Brawler (Troll Monk)                   Turns: 12997, Time: 00:28:13

Health: -3/124     AC: 14    Str: 26    XL:     12   Next: 67%
Magic:  18/18      EV: 10    Int:  6    God:    Makhleb [******]
Gold:   825        SH:  5    Dex: 12    Spells: 11/11 levels left

rFire    . . .     SeeInvis .     - Unarmed
rCold    . . .     Faith    .   (no shield)
rNeg     . . .     Spirit   .   a - +1 robe
rPois    +         Reflect  +   (helmet restricted)
rElec    .         Harm     .   H - +2 cloak
rCorr    .         Rampage  .   (gloves unavailable)
MR       .....                  (boots unavailable)
Stlth    ++........             O - amulet of reflection
HPRegen  0.70/turn              n - ring of poison resistance
MPRegen  0.16/turn              C - +4 ring of protection

@: slowed, very slow
A: large, unfitting armour, claws 3, regeneration 1, shaggy fur 1, tough skin 3
a: Minor Destruction, Lesser Servant of Makhleb, Major Destruction, Greater
Servant of Makhleb, Renounce Religion


You were on level 3 of the Lair of Beasts.
You worshipped Makhleb.
Makhleb was exalted by your worship.
You visited 2 branches of the dungeon, and saw 14 of its levels.
You also visited: Ossuary.

You collected 825 gold pieces.

Inventory:

Missiles
 o - 20 large rocks (quivered)
 I - 12 curare-tipped darts
 P - 5 datura-tipped darts
 Q - a throwing net
Armour
 a - a +1 robe (worn)
 H - a +2 cloak (worn)
Jewellery
 j - a +6 ring of dexterity
 n - a ring of poison resistance (left claw)
 t - an uncursed ring of protection from fire
 C - a +4 ring of protection (right claw)
 M - an uncursed ring of ice
 O - an amulet of reflection (around neck)
Wands
 y - a wand of acid (18)
 D - a wand of enslavement (7)
 G - a wand of iceblast (34)
 K - a wand of disintegration (16)
 L - a wand of digging (5)
 N - a wand of random effects (15)
 R - a wand of paralysis (3)
Scrolls
 b - 3 scrolls of enchant weapon
 c - 10 scrolls of teleportation
 e - 8 scrolls of remove curse
 f - 2 scrolls of immolation
 g - 3 scrolls of enchant armour
 r - 2 scrolls of fog
 v - a scroll of vulnerability {unknown}
 w - a scroll of silence
 B - a scroll of fear
 E - 2 scrolls of magic mapping
 F - a scroll of amnesia
Potions
 d - 3 potions of haste
 h - 2 potions of magic
 i - 2 potions of berserk rage
 k - 4 potions of brilliance
 l - 5 potions of heal wounds
 m - 9 potions of curing
 p - a potion of cancellation
 q - 2 potions of flight
 s - 2 potions of mutation
 u - 2 potions of resistance
 x - 3 potions of stabbing
 z - 4 potions of might
 A - a potion of invisibility
Miscellaneous
 J - a phantom mirror


   Skills:
 + Level 9.6 Fighting
 - Level 2.4 Dodging
 - Level 1.0 Stealth
 * Level 15.0 Unarmed Combat
 + Level 9.4 Invocations


You had 11 spell levels left.
You didn't know any spells.
Your spell library contained the following spells:

 Spells                   Type           Power        Failure   Level
 Animate Skeleton         Necr           #.....       45%         1
 Apportation              Tloc           #.....       45%         1
 Corona                   Hex            #......      45%         1
 Freeze                   Ice            #...         45%         1
 Summon Small Mammal      Summ           #...         45%         1
 Ensorcelled Hibernation  Hex/Ice        #.....       58%         2
 Confusing Touch          Hex            #.......     83%         3
 Dazzling Flash           Conj/Hex       #.....       83%         3
 Frozen Ramparts          Ice            #.....       83%         3
 Ozocubu's Armour         Ice            #.......     83%         3
 Tukima's Dance           Hex            #.......     83%         3
 Cause Fear               Hex            #.........   99%         4
 Hailstorm                Conj/Ice       #.......     99%         4
 Summon Ice Beast         Ice/Summ       #.......     99%         4
 Silence                  Hex/Air        #.........   100%        5
 Yara's Violent Unravell  Hex/Tmut       #.........   100%        5
 Discord                  Hex            #.........   100%        8


Dungeon Overview and Level Annotations

Branches:
Dungeon (11/15)            Temple (0/1) D:7            Lair (3/6) D:11
  Swamp (0/4) Lair:2        Snake (0/4) Lair:3          Orc (0/2) D:10
Ossuary (visited)

Altars:
Ashenzari
Dithmenos
Hepliaklqana
Kikubaaqudgha
Makhleb
Nemelex Xobeh
Ru
Trog
Vehumet
Wu Jian
Zin
Jiyva

Shops:
D:8 (

Annotations:
Lair:2 3 runed translucent doors, loralnil's ghost, journeyman OpCj


Innate Abilities, Weirdness & Mutations

You are too large for most types of armour.
You have claws for hands.
Your natural rate of healing is unusually fast.
You are covered in fur. (AC +1)
You have extremely tough skin. (AC +3)


Message History

* * * LOW HITPOINT WARNING * * *
The killer bee stings you but does no damage.
Your surroundings suddenly seem different.
A torpor snail comes into view.
Being near the torpor snail leaves you feeling lethargic.
A yak comes into view.
You feel sick.
You claw the plant!
The plant begins to die.
The plant is lightly damaged.
You feel sick.
You are no longer poisoned.
A nearby plant withers and dies.
You scratch the torpor snail.
The torpor snail is lightly wounded.
You claw the torpor snail!
The torpor snail is moderately wounded.
The yak gores you.
* * * LOW HITPOINT WARNING * * *
The torpor snail bites you!
You die...

##P..............#.....#..
###..............#....###.
P##..............#..### #..
...##...P###....##...###....
...........#.....#..........
..........##....#.(.........
...÷)...........##..........
......).......†##Y...#......
.#.###..<.......@w..##......
#.####...#PP...P.....#.#....
##...........(............##
.....................#.....
...............^.......##
.........................
........#................
#P.....#............#....
###.....##.........###...


You could see a torpor snail and a yak.

Vanquished Creatures
  3 two-headed ogres
  A cyclops (D:11)
  2 black mambas
  11 cane toads
  A komodo dragon (Lair:1)
  A troll (D:11)
  A polar bear (Lair:3)
  5 blink frogs (Lair:1)
  5 hippogriffs
  Sigmund (D:2)
  A wraith (D:11)
  24 yaks
  A wyvern (D:10)
  4 humans (D:9)
  A basilisk (Lair:1)
  A steam dragon (Lair:3)
  Menkaure (Ossuary)
  2 nagas (Lair:3)
  A soldier ant (D:8)
  8 porcupines
  5 water moccasins
  6 orc warriors
  4 phantoms
  A black bear (D:4)
  2 ice beasts
  3 sky beasts
  5 ogres
  3 centaurs
  5 wolves (Lair:1)
  11 crocodiles
  7 bullfrogs
  A big kobold (D:9)
  A wyvern skeleton (D:10)
  4 scorpions
  13 killer bees
  8 howler monkeys
  8 wights
  A bullfrog zombie (D:11)
  6 jellies
  A centaur zombie (D:8)
  A quasit (D:10)
  9 hounds
  8 orc priests
  2 centaur skeletons
  4 iguanas
  16 orc wizards
  8 worker ants
  A hound zombie (D:9)
  3 hound skeletons
  3 mummies (Ossuary)
  Robin (D:2)
  8 gnolls
  A howler monkey skeleton (D:9)
  12 adders
  2 shadow imps
  4 white imps
  An ooze (D:3)
  3 adder zombies
  An adder skeleton (D:4)
  7 worms
  6 leopard geckos
  68 orcs
  A ball python (D:1)
  4 giant cockroaches
  4 gnoll zombies (Ossuary)
  18 goblins
  19 hobgoblins
  16 jackals
  15 kobolds
  4 quokkas
  8 bats
  5 frilled lizards
  5 gnoll skeletons (Ossuary)
  3 goblin skeletons (Ossuary)
  6 goblin zombies (Ossuary)
  A hobgoblin skeleton (Ossuary)
  6 hobgoblin zombies (Ossuary)
  2 jackal skeletons
  A jackal zombie (D:9)
  4 kobold skeletons (Ossuary)
  5 kobold zombies (Ossuary)
  A leopard gecko skeleton (D:4)
  7 orc skeletons (Ossuary)
  An orc zombie (Ossuary)
  5 rats
  5 rat skeletons (Ossuary)
  3 rat zombies (Ossuary)
488 creatures vanquished.

Vanquished Creatures (collateral kills)
  Psyche (D:8)
1 creature vanquished.

Vanquished Creatures (others)
  A killer bee (Lair:3)
  A fungus (Lair:1)
  12 plants
  2 withered plants (D:9)
16 creatures vanquished.

Grand Total: 505 creatures vanquished

Notes
Turn   | Place    | Note
-------+----------+-------------------------------------------
     0 | D:1      | sking99 the Troll Monk began the quest for the Orb.
     0 | D:1      | Reached XP level 1. HP: 22/22 MP: 0/0
   440 | D:1      | Reached XP level 2. HP: 29/29 MP: 1/1
   966 | D:2      | Reached XP level 3. HP: 32/36 MP: 2/2
   986 | D:2      | Reached skill level 4 in Unarmed Combat
  1099 | D:2      | Noticed Sigmund
  1100 | D:2      | Noticed Robin
  1121 | D:2      | Killed Sigmund
  1121 | D:2      | Reached skill level 5 in Unarmed Combat
  1121 | D:2      | Reached XP level 4. HP: 36/46 MP: 3/3
  1121 | D:2      | Reached XP level 5. HP: 42/53 MP: 4/4
  1123 | D:2      | Killed Robin
  1191 | D:2      | Found a burning altar of Makhleb.
  1191 | D:2      | Noticed a green death
  1206 | D:2      | Noticed a smoke demon
  1206 | D:2      | Noticed a smoke demon
  1608 | D:2      | Became a worshipper of Makhleb the Destroyer
  1608 | D:2      | Reached * piety under Makhleb
  1608 | D:2      | Reached ** piety under Makhleb
  1666 | D:3      | Reached XP level 6. HP: 62/62 MP: 5/5
  1979 | D:3      | Reached skill level 6 in Unarmed Combat
  2397 | D:4      | Reached skill level 1 in Invocations
  2517 | D:4      | Reached XP level 7. HP: 70/70 MP: 5/7
  2564 | D:4      | Reached skill level 7 in Unarmed Combat
  2592 | D:4      | Reached *** piety under Makhleb
  2927 | D:5      | Entered Level 5 of the Dungeon
  3200 | D:5      | Found a radiant altar of Vehumet.
  3301 | D:5      | Found a shadowy altar of Dithmenos.
  3759 | D:5      | Reached XP level 8. HP: 45/79 MP: 7/9
  3923 | D:5      | Reached **** piety under Makhleb
  4045 | D:5      | Reached skill level 5 in Fighting
  4045 | D:5      | Reached skill level 8 in Unarmed Combat
  4221 | D:6      | Found a sand-covered staircase.
  4226 | Ossuary  | Entered an ossuary
  4460 | Ossuary  | Noticed Menkaure
  4481 | Ossuary  | Killed Menkaure
  4957 | D:6      | Found a glowing silver altar of Zin.
  4972 | D:6      | Reached ***** piety under Makhleb
  5135 | D:6      | Reached skill level 9 in Unarmed Combat
  5481 | D:7      | Noticed a two-headed ogre
  5490 | D:7      | Killed a two-headed ogre
  5490 | D:7      | Reached XP level 9. HP: 41/89 MP: 11/11
  5775 | D:7      | Reached skill level 10 in Unarmed Combat
  5804 | D:7      | Reached skill level 5 in Invocations
  5809 | D:7      | Found a staircase to the Ecumenical Temple.
  6141 | D:7      | Found a broken altar of Ashenzari.
  6147 | D:7      | Found a sacrificial altar of Ru.
  6149 | D:7      | Found a bloodstained altar of Trog.
  6689 | D:8      | Found a broken altar of Ashenzari.
  6940 | D:8      | Reached XP level 10. HP: 84/100 MP: 13/13
  7012 | D:8      | Found a sparkling altar of Nemelex Xobeh.
  7098 | D:8      | Noticed Psyche
  7103 | D:8      | Killed Psyche
  7103 | D:8      | Reached skill level 11 in Unarmed Combat
  7412 | D:8      | Found Eppewiki's Weapon Shoppe.
  7858 | D:9      | Found a hazy altar of Hepliaklqana.
  8489 | D:9      | Found an ancient bone altar of Kikubaaqudgha.
  8763 | D:9      | Reached skill level 12 in Unarmed Combat
  8936 | D:10     | Entered Level 10 of the Dungeon
  9002 | D:10     | Found a staircase to the Orcish Mines.
  9402 | D:10     | Found an ornate altar of the Wu Jian Council.
  9418 | D:10     | Noticed a two-headed ogre
  9429 | D:10     | Killed a two-headed ogre
  9429 | D:10     | Reached XP level 11. HP: 71/110 MP: 15/15
  9493 | D:10     | Noticed a two-headed ogre
  9502 | D:10     | Killed a two-headed ogre
  9936 | D:11     | Reached skill level 13 in Unarmed Combat
  9957 | D:11     | Found a staircase to the Lair.
 10189 | D:11     | Reached ****** piety under Makhleb
 10521 | Lair:1   | Entered Level 1 of the Lair of Beasts
 11138 | Lair:1   | Reached XP level 12. HP: 122/122 MP: 17/17
 11141 | Lair:1   | Reached skill level 14 in Unarmed Combat
 11941 | Lair:2   | Found a staircase to the Swamp.
 12163 | Lair:2   | Found a runed translucent gate.
 12163 | Lair:2   | Found a runed translucent gate.
 12163 | Lair:2   | Found a runed translucent gate.
 12164 | Lair:2   | Noticed a death ooze
 12167 | Lair:2   | Noticed loralnil's ghost (journeyman OpCj)
 12333 | Lair:2   | Found a viscous altar of Jiyva.
 12365 | Lair:3   | Found a staircase to the Snake Pit.
 12958 | Lair:3   | Reached skill level 15 in Unarmed Combat
 12997 | Lair:3   | Slain by a torpor snail

Illustrated notes

Levels and vault maps discovered:
D:1:      dpeg_arrival_another_circle, layout_basic
D:2:      layout_basic, makhleb_altar_promises_db, solitary_fountain,
          uniq_sigmund, uniq_robin
D:3:      layout_basic
D:4:      layout_rooms, st_stairs_10, minmay_misc_feat_doors
D:5:      corexii_shantytown, layout_gridville, lemuel_crystal_altar,
          overflow_temple_1_default, sigmund_army
D:6:      layout_basic, old_standard_altar,
          nicolae_ossuary_entry_false_entrances, kennysheep_nub
D:7:      layout_basic, minitemple, minmay_temple_entry_offerings
D:8:      layout_basic, nemelex_altar_shiori, basic_altar, serial_shops,
          kennysheep_mini_moat, uniq_psyche
D:9:      layout_big_octagon, kiku_gazebo_garden_becter, basic_altar,
          minivault_10, minmay_ruffians
D:10:     layout_irregular_city, david_orc_2, basic_altar
D:11:     layout_basic, minmay_lair_entry_grove, minmay_misc_feat_x
Lair:1:   layout_small_grid, lemuel_fruit_tree
Lair:2:   layout_roguey, swamp_mist, gammafunk_ghost_ooze, st_stairs_8
Lair:3:   regret_index_wax_grids, layout_gridlike, guppyfry_snake_entry_island

Skill      XL: |  1  2  3  4  5  6  7  8  9 10 11 12 |
---------------+-------------------------------------+-----
Unarmed Combat | 5 6 7 9 10 12 13 15 | 15.0
Fighting       | 3 4 5 6 7 8 9 |  9.6
Invocations    | 1 2 4 5 7 8 9 |  9.4
Dodging        | |  2.4
Stealth        | |  1.0

Action                   |  1- 3 |  4- 6 |  7- 9 | 10-12 || total
-------------------------+-------+-------+-------+-------++-------
Melee: Unarmed           |    92 |   151 |   424 |   665 ||  1332
       Punch             |     1 |     5 |    14 |    43 ||    63
Invok: Lesser Servant of |       |       |       |     2 ||     2
  Use: Scroll            |       |       |    21 |    13 ||    34
       Potion            |       |       |     1 |     1 ||     2
 Stab: Sleeping          |     1 |     2 |     4 |     4 ||    11
       Distracted        |       |       |       |     2 ||     2
Armor: Robe              |    39 |    73 |    96 |   225 ||   433
       Skin              |       |       |     4 |       ||     4
Dodge: Dodged            |    49 |    69 |   175 |   314 ||   607
Block: Other             |       |       |       |    47 ||    47
       Reflection        |       |       |       |     1 ||     1

Table legend: (Time is in decaauts)
 A = Elapsed time spent in this place.
 B = Non-inter-level travel time spent in this place.
 C = Inter-level travel time spent in this place.
 D = Time resting spent in this place.
 E = Time spent auto-exploring this place.
 F = Levels seen in this place.
 G = Mean time per level.
                   A        B        C        D        E       F      G
               +--------+--------+--------+--------+--------+-----+--------+
         Total |  12778 |  12313 |    465 |   1636 |   7980 |  15 |  851.9 |
       Dungeon |  10034 |   9620 |    414 |   1282 |   6307 |  11 |  912.2 |
          Lair |   2406 |   2355 |     51 |    354 |   1528 |   3 |  802.0 |
       Ossuary |    337 |    337 |      0 |      0 |    144 |   1 |  337.0 |
               +--------+--------+--------+--------+--------+-----+--------+

Top non-repeatable levels by time:
     D:8: 1469 daAuts
     D:7: 1228 daAuts
     D:5: 1135 daAuts
  Lair:1: 960 daAuts
     D:1: 942 daAuts
    D:10: 921 daAuts
     D:6: 873 daAuts
  Lair:2: 828 daAuts
     D:9: 782 daAuts
     D:4: 712 daAuts
     D:3: 701 daAuts
     D:2: 668 daAuts
  Lair:3: 616 daAuts
    D:11: 598 daAuts
 Ossuary: 337 daAuts
